 Dungeon Crawl Stone Soup version 0.27.0-1-g7a089689b8 (webtiles) character file.

Game seed: 12071722051569695121

158 Kukuleta the Magician (level 5, -8/38 HPs)
             Began as a Djinni Fire Elementalist on Aug 7, 2021.
             Killed by nerve-wracking pain
             ... invoked by Grinder
              (11 damage)
             ... on level 3 of the Dungeon.
             The game lasted 00:11:40 (2754 turns).

Kukuleta the Magician (Djinni Fire Elementalist)    Turns: 2754, Time: 00:11:41

Health: -8/38      AC:  6    Str:  7    XL:     5   Next: 67%
Gold:   156        EV: 10    Int: 18    God:
                   SH:  0    Dex: 13

rFire    + + .     SeeInvis .   h - +3 dagger (venom)
rCold    . . .     Faith    .   (no shield)
rNeg     . . .     Spirit   .   m - +0 ring mail
rPois    ∞         Reflect  .   p - +0 helmet
rElec    .         Harm     .   (no cloak)
rCorr    .         Rampage  .   (no gloves)
Will     .....                  (boots unavailable)
Stlth    +.........             (no amulet)
HPRegen  0.12/turn              k - ring of protection from cold
MPRegen  0.00/turn              (no ring)

@: flying
A: sickness immunity, fire resistance 2, cold vulnerability 1, float, innate
caster, hp casting, extra vitality 1
a: no special abilities


You were on level 3 of the Dungeon.
You visited 1 branch of the dungeon, and saw 3 of its levels.

You collected 156 gold pieces.

Inventory:

Hand Weapons
 c - a +1 short sword
 h - a +3 dagger of venom (weapon)
 i - a +0 scimitar
Armour
 a - a +0 robe
 g - a +0 scale mail
 m - a +0 ring mail (worn)
 p - a +0 helmet (worn)
Jewellery
 k - a ring of protection from cold (left hand)
Scrolls
 j - a scroll of immolation {unknown}
 l - a scroll of vulnerability {unknown}
 o - a scroll of identify
Potions
 b - a potion of resistance {unknown}
 d - a potion of heal wounds
 e - a potion of mutation {unknown}
 f - 2 potions of attraction {unknown}
 n - a potion of ambrosia {unknown}


   Skills:
 + Level 1.7 Fighting
 * Level 1.6 Short Blades
 * Level 2.2 Armour
 + Level 2.9 Dodging
 - Level 1.8 Stealth
 - Level 3.0 Spellcasting


You couldn't memorise any spells.
You knew the following spells:

 Your Spells              Type           Power      Damage    Failure   Level
a - Foxfire               Conj/Fire      52%        2x1d6     16%         1
b - Conjure Flame         Conj/Fire      13%        6-21      43%         3
c - Inner Flame           Hex/Fire       13%        N/A       43%         3
d - Sticky Flame          Conj/Fire      13%        2d4       83%         4
e - Fireball              Conj/Fire      6%         3d5       99%         5
f - Summon Small Mammal   Summ           52%        N/A       16%         1
g - Corpse Rot            Necr/Air       N/A        N/A       24%         2
Your spell library was empty.

Dungeon Overview and Level Annotations

Branches:
Dungeon (3/15)

Altars:

Annotations:
D:3 Grinder


Innate Abilities, Weirdness & Mutations

You are immune to sickness and miasma.
You are immune to poison.
Your flesh is very heat resistant. (rF++)
You are vulnerable to cold. (rC-)
You float through the air rather than walking.
You learn spells naturally, not from books.
Your magical power is your life essence.
You have superior vitality. (+4 HP)


Message History

Grinder is heavily wounded.
Grinder hits you.
You writhe in agony.
You hit Grinder.
Grinder is severely wounded.
Grinder hits you.
You closely miss Grinder.
Grinder is severely wounded.
Grinder hits you!
You writhe in agony.
You hit Grinder but do no damage.
Grinder is heavily wounded.
Grinder hits you.
* * * LOW HITPOINT WARNING * * *
You writhe in agony.
* * * LOW HITPOINT WARNING * * *
Casting: Foxfire (safe; 16% risk of failure)
Confirm with . or Enter, or press ? or * to list all spells.
You conjure some foxfire!
* * * LOW HITPOINT WARNING * * *
Grinder misses you.
You hit Grinder.
Grinder is severely wounded.
The foxfire hits Grinder.
Grinder is almost dead.
The foxfire hits Grinder.
Grinder is almost dead.
Grinder hits you but does no damage.
Casting: Foxfire (safe; 16% risk of failure)
Confirm with . or Enter, or press ? or * to list all spells.
You conjure some foxfire!
* * * LOW HITPOINT WARNING * * *
Grinder closely misses you.
You barely miss Grinder.
Grinder is almost dead.
The foxfire hits Grinder.
Grinder is almost dead.
The foxfire hits Grinder but does no damage.
Grinder is almost dead.
Grinder gestures at you. Pain shoots through your body!
You die...

#†# #...#.######.##.#.# #.#
#...#.# #.# .#.# #.# #.....#
#.# .. #.# #...########)######.
####.#######...#...[...........
..................#####.#######
####.#########.#..# #.#
#............#..#####.#
###...##########@5...##.#
......# #.....##.# ####.####
#.#...##.# ........# #)#...##.#
........# #.#...##.# ........#
#......... ####'#### ### ..##.#
####'#### .##.# ........#


You could see Grinder.

Vanquished Creatures
  A scorpion (D:3)
  Terence (D:3)
  2 adders (D:2)
  A worm (D:2)
  3 dart slugs (D:1)
  An orc (D:3)
  8 endoplasms
  2 giant cockroaches (D:2)
  6 goblins
  3 hobgoblins
  4 quokkas
  7 ball pythons
  2 bats
  3 frilled lizards
  3 kobolds (D:1)
  5 rats (D:1)
52 creatures vanquished.

Vanquished Creatures (others)
  65 foxfires
  5 withered plants (D:2)
70 creatures vanquished.

Grand Total: 122 creatures vanquished

Notes
Turn   | Place    | Note
-------+----------+-------------------------------------------
     0 | D:1      | Kukuleta the Djinni Fire Elementalist began the quest for
                  | the Orb.
     0 | D:1      | Reached XP level 1. HP: 15/15 MP: 0/0
   457 | D:1      | Reached XP level 2. HP: 17/21 MP: 0/0
   815 | D:1      | Reached XP level 3. HP: 24/26 MP: 0/0
   815 | D:1      | Learned a level 1 spell: Summon Small Mammal
   846 | D:1      | Reached skill level 3 in Spellcasting
  1533 | D:2      | Found a faded altar of an unknown god.
  1548 | D:2      | Reached skill level 1 in Fighting
  1603 | D:2      | Reached skill level 1 in Armour
  1739 | D:2      | Reached XP level 4. HP: 16/32 MP: 0/0
  2276 | D:3      | Noticed a scorpion
  2285 | D:3      | Killed a scorpion
  2286 | D:3      | Reached skill level 1 in Short Blades
  2286 | D:3      | Reached XP level 5. HP: 29/37 MP: 0/0
  2286 | D:3      | Learned a level 2 spell: Corpse Rot
  2476 | D:3      | Noticed Terence
  2490 | D:3      | Killed Terence
  2739 | D:3      | Noticed Grinder
  2754 | D:3      | Killed from afar by Grinder

Illustrated notes

Levels and vault maps discovered:
D:1:      sevenhm_arrival_forest_fort_large_2, layout_basic,
          minmay_strange_pillars
D:2:      layout_rooms, ebering_ecumenical_altar_petrified
D:3:      layout_basic, corexii_hall_statues_l, serial_bayou_ford_a,
          minmay_bisected, uniq_grinder, uniq_terence

Skill      XL: |  1  2  3  4 |
---------------+-------------+-----
Spellcasting   | 3 |  3.0
Fighting       | 1 |  1.7
Armour         | 1 2 |  2.2
Short Blades   | 1 |  1.6
Dodging        | |  2.9
Stealth        | |  1.8

Action                   |  1- 3 |  4- 6 || total
-------------------------+-------+-------++-------
Melee: Unarmed           |    11 |       ||    11
       Short sword       |    16 |       ||    16
       Dagger            |    54 |    51 ||   105
 Cast: Foxfire           |    25 |    14 ||    39
  Use: Scroll            |     3 |       ||     3
Armor: Robe              |    11 |       ||    11
       Scale mail        |    28 |     3 ||    31
       Ring mail         |       |     7 ||     7
Dodge: Dodged            |    48 |    23 ||    71
